 Dungeon Crawl Stone Soup version 0.27-a0-906-g0a00ce863d (webtiles) character file.

Game seed: 10882401604710487308

32 spiderkeys the Stinger (level 3, 0/21 HPs)
             Began as an Octopode Venom Mage on Apr 6, 2021.
             Succumbed to an adder's poison
             ... on level 2 of the Dungeon.
             The game lasted 00:05:44 (1373 turns).

spiderkeys the Stinger (Octopode Venom Mage)        Turns: 1373, Time: 00:05:44

Health: 0/21       AC:  2    Str:  7    XL:     3   Next: 25%
Magic:  4/6        EV: 13    Int: 18    God:
Gold:   29         SH:  0    Dex: 12    Spells: 0/6 levels left

rFire    . . .     SeeInvis .   f - +1 dagger (speed)
rCold    + . .     Faith    .   (no shield)
rNeg     + . .     Spirit   .   c - +1 hat "Ificwena" {rElec rC+ rN+}
rPois    .         Reflect  .   (no amulet)
rElec    +         Harm     .   (no ring)
rCorr    .         Rampage  .   (no ring)
Will     .....                  (no ring)
Stlth    +++.......             (no ring)
HPRegen  0.07/turn              (no ring)
MPRegen  0.10/turn              (no ring)
                                (no ring)
                                (no ring)

@: mighty, lethally poisoned (0 -> -3)
A: almost no armour, amphibious, 8 rings, camouflage 1, gelatinous body 1,
(nimble swimmer 1), tentacles
a: no special abilities


You were on level 2 of the Dungeon.
You visited 1 branch of the dungeon, and saw 2 of its levels.

You collected 29 gold pieces.

Inventory:

Hand Weapons
 f - a +1 dagger of speed (weapon)
Missiles
 a - 10 poisoned darts
Armour
 c - the +1 hat "Ificwena" (worn) {rElec rC+ rN+}
   (You acquired it on level 1 of the Dungeon)

   It protects you from cold.
   It insulates you from electricity.
   It protects you from negative energy.
Scrolls
 g - a scroll of fear {unknown}
Potions
 b - a potion of degeneration


   Skills:
 + Level 2.3 Dodging
 + Level 3.4 Stealth
 + Level 2.3 Spellcasting
 - Level 1.5 Transmutations
 * Level 4.0 Poison Magic


You couldn't memorise any spells.
You knew the following spells:

 Your Spells              Type           Power      Damage    Failure   Level
a - Sting                 Tmut/Pois      48%        1d5       5%          1
b - Poisonous Vapours     Pois/Air       18%        N/A       12%         2
c - Ignite Poison         Fire/Tmut/Pois 8%         N/A       26%         3

Your spell library contained the following spells:

 Spells                   Type           Power      Damage    Failure   Level
 Magic Dart               Conj           8%         1d3       19%         1
 Blink                    Tloc           N/A        N/A       26%         2
 Call Imp                 Summ           2%         N/A       26%         2
 Slow                     Hex            2%         N/A       26%         2
 Mephitic Cloud           Conj/Pois/Air  6%         N/A       30%         3
 Olgreb's Toxic Radiance  Pois           16%        N/A       32%         4
 Conjure Flame            Conj/Fire      2%         6-21      47%         3


Dungeon Overview and Level Annotations

Branches:
Dungeon (2/15)

Altars:


Innate Abilities, Weirdness & Mutations

You cannot wear most types of armour.
You are amphibious.
You can wear up to eight rings at the same time.
Your skin changes colour to match your surroundings (Stealth+).
Your rubbery body absorbs attacks. (AC +1, EV +1)
((You are camouflaged near water. (Stealth+)))
You have tentacles for arms and can constrict up to eight enemies at once.


Message History

A rat comes into view.
The kobold moves out of view.
You hit the rat.
You kill the rat!
A kobold comes into view. It is wielding a +0 whip.
The rat closely misses you.
You hit the rat but do no damage. You grab the rat. You constrict the rat.
The kobold shouts!
You hear an angry hiss.
The rat closely misses you.
You hit the rat.
You kill the rat!
An adder comes into view.
The kobold closely misses you.
Found 26 gold pieces.
The sting hits the kobold but does no damage.
The kobold is poisoned.
The kobold hits you with a +0 whip.
An adder zombie comes into view.
You completely miss the kobold. You grab the kobold.
You constrict the kobold, but do no damage.
The kobold barely misses you.
You hit the kobold.
The kobold is severely wounded.
You constrict the kobold.
You kill the kobold!
The adder bites you.
You are poisoned.
The adder poisons you!
The sting hits the adder but does no damage.
The adder is poisoned.
You feel sick. The adder bites you.
You are more poisoned.
The adder poisons you!
You feel sick.
You feel sick. The adder bites you.
* * * LOW HITPOINT WARNING * * *
It was a potion of cancellation.
You feel magically purged.
* * * LOW HITPOINT WARNING * * *
You feel sick. The adder misses you.
It was a potion of might.
You feel very mighty all of a sudden.
You die...

.........#§§####
#..........§##
#.........P§§#
#........§§§§#
#........§§§§#
#.........§§§#
#........§§§##
#.......§.#..#
#..@....§.#..#
#..S......# ..#
#.........# K.
.......)........
.....Z...####....
.........# ....
.........# ..
.........#
..........


You could see an adder (poisoned) and an adder zombie.

Vanquished Creatures
  A dart slug (D:2)
  A bat skeleton (D:2)
  2 endoplasms
  A giant cockroach (D:1)
  4 goblins
  3 hobgoblins
  A quokka (D:1)
  2 ball pythons (D:1)
  A ball python skeleton (D:2)
  2 bats
  A frilled lizard (D:1)
  A jackal skeleton (D:2)
  6 kobolds
  4 rats
30 creatures vanquished.

Notes
Turn   | Place    | Note
-------+----------+-------------------------------------------
     0 | D:1      | spiderkeys the Octopode Venom Mage began the quest for the
                  | Orb.
     0 | D:1      | Reached XP level 1. HP: 11/11 MP: 3/3
   306 | D:1      | Reached XP level 2. HP: 17/17 MP: 1/5
   349 | D:1      | Found a faded altar of an unknown god.
   983 | D:1      | Identified a scroll of acquirement
   984 | D:1      | Acquired the +1 hat "Ificwena" {rElec rC+ rN+}
  1142 | D:2      | Reached XP level 3. HP: 18/21 MP: 4/6
  1320 | D:2      | Learned a level 2 spell: Poisonous Vapours
  1324 | D:2      | Learned a level 3 spell: Ignite Poison
  1354 | D:2      | Reached skill level 4 in Poison Magic
  1372 | D:2      | HP: 1/21 [poisoned by an adder]
  1373 | D:2      | Succumbed to an adder's poison

Illustrated notes

Levels and vault maps discovered:
D:1:      minmay_arrival_shoal_huts, layout_basic, basic_ecumenical_altar,
          minivault_14, chequers_serial_rivers_small_a, amethyst_killhole
D:2:      layout_basic, serial_undead, serial_undead_e, serial_undead_a,
          serial_undead_a, serial_undead_d, chequers_serial_rivers_marsh,
          uniq_crazy_yiuf_cottage

Skill      XL: |  1  2  3 |
---------------+----------+-----
Stealth        | 3 |  3.4
Poison Magic   | 4 |  4.0
Dodging        | |  2.3
Spellcasting   | |  2.3
Transmutations | |  1.5

Action                   || total
-------------------------++-------
Melee: Unarmed           ||    18
       Constrict         ||     7
       Tentacles         ||     3
       Dagger            ||     8
 Cast: Sting             ||    45
  Use: Scroll            ||     5
       Potion            ||     2
Armor: Skin              ||     1
Dodge: Dodged            ||    23

Table legend: (Time is in decaauts)
 A = Elapsed time spent in this place.
 B = Non-inter-level travel time spent in this place.
 C = Inter-level travel time spent in this place.
 D = Time resting spent in this place.
 E = Time spent auto-exploring this place.
 F = Levels seen in this place.
 G = Mean time per level.
                   A        B        C        D        E       F      G
               +--------+--------+--------+--------+--------+-----+--------+
         Total |   1370 |   1289 |     81 |      0 |   1067 |   2 |  685.0 |
       Dungeon |   1370 |   1289 |     81 |      0 |   1067 |   2 |  685.0 |
               +--------+--------+--------+--------+--------+-----+--------+

Top non-repeatable levels by time:
     D:1: 1061 daAuts
     D:2: 309 daAuts
